 Dungeon Crawl Stone Soup version 0.27-a0-988-g25969acef8 (webtiles) character file.

Game seed: 1950519023621767732

1 mightbedylan the Skirmisher (level 1, -2/18 HPs)
             Began as a Demonspawn Abyssal Knight on Apr 16, 2021.
             Was a Follower of Lugonu.
             Slain by an endoplasm (3 damage)
             ... on level 1 of the Dungeon.
             The game lasted 00:00:50 (80 turns).

mightbedylan the Skirmisher (DsAK)                    Turns: 80, Time: 00:00:51

Health: -2/18      AC:  3    Str: 12    XL:     1   Next: 16%
Magic:  2/2        EV: 11    Int: 13    God:    Lugonu [*.....]
Gold:   0          SH:  0    Dex: 12    Spells: 0/0 levels left

rFire    . . .     SeeInvis .   a - +1 spear
rCold    . . .     Faith    .   (no shield)
rNeg     . . .     Spirit   .   b - +0 leather armour
rPois    .         Reflect  .   (no helmet)
rElec    .         Harm     .   (no cloak)
rCorr    .         Rampage  .   (no gloves)
Will     .....                  (no boots)
Stlth    +.........             (no amulet)
HPRegen  0.06/turn              (no ring)
MPRegen  0.08/turn              (no ring)

@: very slow
A: no striking features
a: Renounce Religion, Depart the Abyss


You were on level 1 of the Dungeon.
You worshipped Lugonu.
Lugonu was aware of your devotion.
You visited 1 branch of the dungeon, and saw 1 of its levels.
You visited the Abyss 1 time.

Inventory:

Hand Weapons
 a - a +1 spear (weapon)
Armour
 b - a +0 leather armour (worn)


   Skills:
 + Level 3.1 Fighting
 + Level 1.7 Polearms
 + Level 1.7 Armour
 + Level 0.8 Dodging
 + Level 2.4 Invocations


You couldn't memorise any spells.
You didn't know any spells.
Your spell library was empty.

Dungeon Overview and Level Annotations

Branches:
Dungeon (1/15)

Altars:


Message History

The ball python constricts you.
The ball python bites you but does no damage.
You closely miss the ball python. The ball python closely misses you.
The ball python constricts you. The ball python bites you.
You escape the ball python's grasp.
The ball python closely misses you. The ball python barely misses you.
You see here 22 stones.
You hit the ball python but do no damage.
The ball python bites you. The ball python grabs you.
The ball python constricts you. The ball python closely misses you.
You hit the ball python.
The ball python is heavily wounded.
The ball python bites you but does no damage.
The ball python constricts you. The ball python closely misses you.
The ball python barely misses you. The ball python constricts you.
You hit the ball python.
You kill the ball python!
Lugonu accepts your kill. The ball python bites you. The ball python grabs you.
The ball python constricts you. The endoplasm hits you.
* * * LOW HITPOINT WARNING * * *
The ball python completely misses you. The ball python constricts you.
You escape the ball python's grasp.
You enter the shallow water.
Moving in this stuff is going to be slow.
The endoplasm barely misses you.
Unknown command.
Your unstable footing causes you to fumble your attack.
The ball python closely misses you. x2; The endoplasm hits you.
* * * LOW HITPOINT WARNING * * *
You hit the endoplasm.
The endoplasm is severely wounded.
The ball python bites you.
* * * LOW HITPOINT WARNING * * *
The ball python barely misses you. The endoplasm closely misses you.
Unknown command.
You barely miss the endoplasm.
The endoplasm is severely wounded.
The ball python barely misses you. The ball python closely misses you.
The endoplasm hits you.
You die...

#......#.....
#............
#......).....
#.........J..
###+###'###+###
#.............#
#.8.⌠⌠⌠(⌠⌠⌠.8.#
#.....SJ.....[#
#≈≈≈≈≈≈@≈≈≈≈≈≈#
#≈≈≈≈≈≈≈≈≈≈≈≈≈#
#≈≈≈≈≈≈≈≈≈≈≈≈≈#
#≈≈≈≈≈≈≈≈≈≈≈≈≈#
#≈≈≈≈≈≈≈≈≈≈≈≈≈#
#≈≈≈≈≈≈≈≈≈≈≈≈≈#
#≈≈≈≈≈≈≈≈≈≈≈≈≈#
#≈≈≈≈≈≈≈≈≈≈≈≈≈#
#≈≈≈≈≈≈≈≈≈≈≈≈≈#


You could see an endoplasm and a ball python.

Vanquished Creatures
  A ball python (D:1)
1 creature vanquished.

Notes
Turn   | Place    | Note
-------+----------+-------------------------------------------
     0 | Abyss:1  | mightbedylan the Demonspawn Abyssal Knight began the quest
                  | for the Orb.
     0 | Abyss:1  | Reached XP level 1. HP: 18/18 MP: 2/2
    47 | D:1      | Escaped the Abyss
    80 | D:1      | Slain by an endoplasm

Illustrated notes

Levels and vault maps discovered:
D:1:      zaba_arrival_water, layout_rooms,
          hellmonk_ecumenical_altar_the_god_not_taken, minmay_rat_gold_closets

Action                   || total
-------------------------++-------
Melee: Spear             ||     9
Armor: Leather armour    ||     3
Dodge: Dodged            ||    21

Table legend: (Time is in decaauts)
 A = Elapsed time spent in this place.
 B = Non-inter-level travel time spent in this place.
 C = Inter-level travel time spent in this place.
 D = Time resting spent in this place.
 E = Time spent auto-exploring this place.
 F = Levels seen in this place.
 G = Mean time per level.
                   A        B        C        D        E       F      G
               +--------+--------+--------+--------+--------+-----+--------+
         Total |     89 |     89 |      0 |      0 |      0 |   2 |   44.5 |
       Dungeon |     40 |     40 |      0 |      0 |      0 |   1 |   40.0 |
         Abyss |     49 |     49 |      0 |      0 |      0 |   1 |   49.0 |
               +--------+--------+--------+--------+--------+-----+--------+

Top non-repeatable levels by time:
 Abyss:1: 49 daAuts
     D:1: 40 daAuts
